 Dungeon Crawl Stone Soup version 0.14.0-26-g1682e81 (webtiles) character file.

281 Heini the Skirmisher (level 4, -10/41 HPs)
             Began as a Hill Orc Fighter on Apr 28, 2014.
             Killed by divine providence
             ... invoked by an orc priest
              (13 damage)
             ... on Level 4 of the Dungeon.
             The game lasted 00:05:09 (1977 turns).

Heini the Skirmisher (Hill Orc Fighter)             Turns: 1977, Time: 00:05:09

HP -10/41        AC  8     Str 19      XL: 4   Next: 83%
MP   4/4         EV  6     Int  8      God:
Gold 176         SH 18     Dex 10      Spells:  0 memorised,  3 levels left

rFire  + . .     SeeInvis .     a - +0,+1 war axe
rCold  + . .     Clarity  .     b - +0 scale mail
rNeg   . . .     Conserve .     c - +0 shield
rPois  +         rCorr    .     s - +0 helmet
rElec  +         rRot     .     (no cloak)
SustAb . .       Spirit   .     (no gloves)
rMut   .         Warding  .     (no boots)
Saprov + . .     Stasis   .     (no amulet)
MR     .....                    (no ring)
                                w - ring of regeneration

@: not resistant to hostile enchantments, extremely unstealthy
A: saprovore 1
a: Convert to Beogh


You were on level 4 of the Dungeon.
You were not hungry.

You visited 1 branch of the dungeon, and saw 4 of its levels.

You collected 176 gold pieces.

Inventory:

Hand weapons
 a - a +0,+1 war axe (weapon)
Armour
 b - a +0 scale mail (worn)
 c - a +0 shield (worn)
 s - a +0 helmet (worn)
 t - a +0 pair of boots
Magical devices
 v - a wand of frost (3) {unknown}
Comestibles
 d - 4 meat rations
 f - 4 sultanas
 j - a rotting chunk of goblin flesh
 n - a bread ration
 x - 2 chunks of orc flesh
Scrolls
 p - 2 scrolls of magic mapping
 q - a scroll of identify
Jewellery
 l - an uncursed ring of protection from cold {unknown}
 m - a +6,+7 ring of slaying {unknown}
 w - a ring of regeneration (left hand)
Potions
 e - a potion of might
 g - a potion of resistance
 h - 3 potions of curing
 i - 2 potions of heal wounds {unknown}
 k - a potion of beneficial mutation {unknown}
 o - 2 potions of magic {unknown}
 r - a potion of invisibility {unknown}
 u - a potion of paralysis {unknown}


   Skills:
 * Level 4.7 Fighting
 * Level 3.8 Axes
 * Level 4.5 Armour
 - Level 3.4 Shields


You had 3 spell levels left.
You didn't know any spells.

Dungeon Overview and Level Annotations

Branches:
Dungeon (4/15)
 Temple: D:4-7

Altars:


Innate Abilities, Weirdness & Mutations

You can tolerate rotten meat.


Message History

The orc hits you with a short sword.
* * * LOW HITPOINT WARNING * * *
You hit the orc.
The orc is severely wounded.
Your shield and scale mail prevent you from hitting the orc wizard.
The orc priest looks braver.
The orc wizard hits you with a dagger.
* * * LOW HITPOINT WARNING * * *
You block the orc's attack.
The orc wizard gestures wildly while chanting.
You feel troubled.
You barely miss the orc.
The orc is severely wounded.
The orc hits you but does no damage.
Drink which item? (? for menu, Esc to quit)
You feel protected.
It was a potion of resistance.
The orc priest mumbles some strange prayers to Beogh against you.
Something smites you!
You die...

#.# ##...# ##.# ###..###
#..# #...## #.##
##'############ #'######
#.............# )).....#
#.............#
.......###.............#
......)#<'...(...o.....#
<......#.#......@o.....#
.......'.#########o#####
.......### #.# ###'####
#o# #># #.# #.# #K# #.#
#.# #.# #.# #.# #.#


You could see an orc priest, an orc wizard and an orc.

Vanquished Creatures
  A gnoll (D:1)
  3 adders (D:3)
  A worm (D:2)
  A giant gecko (D:3)
  An ooze (D:1)
  6 orcs
  2 ball pythons (D:3)
  4 goblins
  9 hobgoblins
  6 jackals
  5 kobolds
  4 bats
  3 giant cockroaches
  A giant newt (D:2)
  8 rats
55 creatures vanquished.

Notes
Turn   | Place    | Note
--------------------------------------------------------------
     0 | D:1      | Heini, the Hill Orc Fighter, began the quest for the Orb.
     0 | D:1      | Reached XP level 1. HP: 19/19 MP: 1/1
   186 | D:1      | Reached XP level 2. HP: 24/27 MP: 2/2
   192 | D:1      | Reached skill level 4 in Fighting
   662 | D:1      | Reached XP level 3. HP: 25/33 MP: 3/3
  1289 | D:3      | Reached XP level 4. HP: 41/41 MP: 4/4
  1972 | D:4      | HP: 2/41 [orc priest/divine providence (13)]
  1977 | D:4      | Killed from afar by an orc priest

Action                   |  1- 3 |  4- 6 || total
-------------------------+-------+-------++-------
Melee: War axe           |    87 |    73 ||   160
  Use: Scroll            |     1 |    10 ||    11
       Potion            |       |     2 ||     2
